AoeStats
← Abetterhandle

Coastal Forest

503349243Analyzed
4v4 RM · 1mo ago on Aug 31, 2026· 74m 13s· 8 players
Game mode
Random Map
Map size
Large (8 player)
Population
200
Speed
Normal
Resources
Standard
Victory
Conquest
Starting age
Dark Age
Ending age
Imperial Age
RankedLock teamsTeams togetherTeam positionsShared explorationLock speedFull tech treeHidden civsTurbo modeCheats
Victory
Defeat
🇩🇪 Malay · Germany
915
+14
🇩🇪 Khmer · Germany
876
+15
🇷🇺 Spanish · Russia
853
+16
🇩🇪 Romans · Germany
850
+17
🇳🇿 Koreans · New Zealand
949
-19
🇺🇸 Burgundians · United States
932
-19
🇳🇿 Turks · New Zealand
845
-15
🇹🇷 Huns · Türkiye
725
-10
TheDarkPhantom87
12:23 Feudal Age
13:06 Double-Bit Axe
14:10 Horse Collar
20:52 Castle Age
24:32 Forging
24:23 Scale Mail Armor
24:42 Bow Saw
25:52 Heavy Plow
27:38 Wheelbarrow
28:08 Stone Mining
28:09 Gold Mining
28:42 Man-at-Arms
30:34 Hand Cart
34:59 Imperial Age
34:38 Long Swordsman
35:19 Squires
36:03 Iron Casting
35:44 Chain Mail Armor
36:29 Crop Rotation
36:40 Gold Shaft Mining
36:39 Heavy Scorpion
38:38 Conscription
38:11 Legionary
39:05 Ballistas
41:08 Blast Furnace
40:00 Fletching
40:21 Siege Engineers
40:59 Ballistics
41:12 Comitatenses
42:12 Murder Holes
42:30 Masonry
43:22 Chemistry
44:01 Bodkin Arrow
46:53 Guilds
50:35 Padded Archer Armor
50:41 Scale Barding Armor
51:11 Architecture
51:06 Fervor
53:23 Elite Centurion
54:27 Leather Archer Armor
54:33 Chain Barding Armor
59:02 Plate Barding Armor
58:49 Fortified Wall
58:31 Guard Tower
62:09 Medium Warships
63:01 Shipwright
62:52 Clinker Construction
62:54 Careening
70:27 Medium Warships
72:18 Heavy Warships
die Klinge
0:40 Loom
3:39 Loom
13:08 Feudal Age
13:25 Double-Bit Axe
15:29 Gold Mining
18:24 Castle Age
18:17 Bow Saw
18:31 Stone Mining
18:43 Horse Collar
19:52 Forging
21:02 Stone Shaft Mining
21:33 Padded Archer Armor
22:50 Husbandry
26:51 Scale Barding Armor
31:53 Heavy Plow
35:45 Wheelbarrow
38:52 Hand Cart
46:30 Arson
48:19 Iron Casting
47:09 Pikeman
47:50 Squires
72:19 Imperial Age
70:46 Leather Archer Armor
70:21 Fletching
Ertan Bacanak
10:11 Feudal Age
10:37 Double-Bit Axe
10:36 Horse Collar
18:05 Castle Age
17:43 Stone Mining
19:07 Bow Saw
18:58 Heavy Plow
20:42 Stone Shaft Mining
19:57 Gold Mining
22:23 Loom
24:32 Wheelbarrow
23:44 Town Watch
24:47 Gold Shaft Mining
26:57 Hand Cart
26:43 Town Patrol
31:53 Imperial Age
31:36 Forging
31:31 Scale Barding Armor
31:34 Husbandry
31:45 Bloodlines
33:04 Crop Rotation
32:56 Ballistics
32:32 Murder Holes
33:09 Conscription
33:50 Iron Casting
33:36 Chain Barding Armor
34:31 Double Crossbow
35:36 Blast Furnace
35:11 Plate Barding Armor
35:24 Plate Barding Armor
36:09 Siege Engineers
37:05 Chemistry
36:15 Masonry
36:46 Hoardings
36:33 Capped Ram
37:22 Elite Ballista Elephant
38:43 Siege Ram
49:39 Scale Mail Armor
50:18 Pikeman
50:44 Arson
51:19 Chain Mail Armor
50:53 Halberdier
Banaan9613
10:13 Feudal Age
10:40 Double-Bit Axe
13:13 Loom
22:43 Forging
22:40 Scale Barding Armor
22:28 Fletching
22:38 Padded Archer Armor
23:48 Bloodlines
27:03 Castle Age
25:40 Wheelbarrow
24:50 Town Watch
25:54 Scale Mail Armor
27:56 Thumb Ring
27:38 Horse Collar
28:17 Bow Saw
28:26 Gold Mining
28:27 Stone Mining
28:12 Light Cavalry
28:53 Husbandry
29:53 Bodkin Arrow
30:34 Iron Casting
30:01 Arson
30:17 Squires
31:53 Heavy Plow
32:10 Hand Cart
32:31 Chain Barding Armor
33:54 Town Patrol
34:22 Gambesons
33:57 Pikeman
34:58 Leather Archer Armor
37:04 Stone Shaft Mining
41:30 Imperial Age
42:37 Cavalier
43:23 Bracer
44:24 Blast Furnace
44:00 Plate Barding Armor
43:56 Ring Archer Armor
43:42 Chain Mail Armor
42:52 Heavy Cavalry Archer
46:42 Paladin
46:44 Hussar
51:20 Plate Mail Armor
65:33 Chemistry
64:55 Ballistics
64:49 Clinker Construction
64:53 Careening
67:14 Shipwright
67:16 Carvel Hull
67:26 Dry Dock
67:19 Masonry
67:05 Murder Holes
66:56 Arrowslits
67:22 Fortified Wall
67:18 Elite Cannon Galleon
Bbullet2
7:48 Loom
10:21 Feudal Age
11:19 Double-Bit Axe
18:38 Castle Age
16:22 Horse Collar
19:27 Heavy Plow
20:04 Bow Saw
20:40 Forging
20:35 Scale Barding Armor
22:24 Iron Casting
22:39 Chain Barding Armor
25:59 Burgundian Vineyards
28:39 Wheelbarrow
30:38 Imperial Age
29:35 Crop Rotation
28:58 Gold Mining
28:59 Stone Mining
30:24 Two-Man Saw
29:55 Caravan
32:34 Wheelbarrow
33:44 Conscription
34:31 Guilds
35:07 Hand Cart
38:34 Blast Furnace
38:10 Plate Barding Armor
39:46 Fletching
41:23 Bodkin Arrow
41:09 Elite Coustillier
43:26 Bracer
51:27 Husbandry
59:23 Flemish Revolution
ssemihbaki
0:32 Loom
15:10 Feudal Age
18:06 Double-Bit Axe
18:05 Horse Collar
19:38 Wheelbarrow
19:12 Scale Barding Armor
19:18 Forging
22:11 Bloodlines
25:42 Castle Age
24:25 Stone Mining
24:26 Gold Mining
26:33 Husbandry
30:01 Chain Barding Armor
30:10 Bow Saw
32:55 Hand Cart
33:32 Caravan
34:23 Gold Shaft Mining
35:11 Iron Casting
40:20 Imperial Age
41:43 Cavalier
43:18 Plate Barding Armor
43:48 Blast Furnace
51:04 Fishing Lines
52:28 Paladin
helllothere
0:28 Loom
13:10 Feudal Age
13:33 Fishing Lines
13:42 Double-Bit Axe
14:09 Horse Collar
21:39 Castle Age
21:25 Stone Mining
21:44 Gold Mining
23:59 Wheelbarrow
24:02 Bow Saw
23:55 Heavy Plow
24:53 Gillnets
25:36 Hand Cart
27:43 Gold Shaft Mining
29:17 Demolition Ship
31:13 Siphons
31:19 Clinker Construction
30:50 Treadmill Crane
31:06 Murder Holes
31:23 Fortified Wall
31:24 Squires
31:21 Town Watch
33:07 Fortified Wall
32:56 Murder Holes
32:46 Man-at-Arms
34:41 Long Swordsman
40:13 Imperial Age
41:21 Bombard Tower
40:56 Heated Shot
40:57 Elite Janissary
41:42 Artillery
41:08 Two-Handed Swordsman
41:36 Arson
43:26 Conscription
44:37 Hoardings
46:43 Town Patrol
46:51 Elite Cannon Galleon
50:52 Two-Man Saw
51:03 Champion
Abetterhandle
1:51 Loom
10:51 Feudal Age
11:25 Double-Bit Axe
20:06 Castle Age
17:59 Fletching
21:00 Crossbowman
31:33 Imperial Age
31:35 Bodkin Arrow
32:28 Forging
32:18 Horse Collar
37:21 Heavy Plow
37:00 Heavy Rocket Cart
39:57 Pikeman
40:37 Squires
41:36 Squires
Connection lost

Rejoining the realm…

Still unreachable

The connection could not be restored.

Session expired

The server has moved on; the page needs a fresh start.